 Dungeon Crawl Stone Soup version 0.30.1-9-gdf580d7c3d (webtiles) character file.

Game seed: 10742914736551785831

20185 Zonian the Skirmisher (level 12, -2/59 HPs)
             Began as a Deep Elf Ice Elementalist on Oct 8, 2023.
             Was an Elder of Nemelex Xobeh.
             Slain by an elephant (14 damage)
             ... on level 3 of the Lair of Beasts.
             The game lasted 00:57:35 (21263 turns).

Zonian the Skirmisher (Deep Elf Ice Elementalist)  Turns: 21263, Time: 00:57:41

Health: -2/59      AC: 21    Str: 11    XL:     12   Next: 43%
Magic:  21/27      EV: 18    Int: 26    God:    Nemelex Xobeh [****..]
Gold:   191        SH:  0    Dex: 21    Spells: 16/29 levels left

rFire   . . .        p - +1 sling (freeze)
rCold   + + .        T - orb {*channel}
rNeg    . . .        M - +0 acid dragon scales
rPois   +            m - +2 helmet
rElec   .            V - scarf {repulsion}
rCorr   +            i - +2 pair of gloves {Stlth+}
SInv    .            u - +1 pair of boots
Will    +....        (no amulet)
Stlth   ++++++       n - ring of Avaul {rC++ Str+6}
HPRegen 0.29/turn    A - ring "Diulael" {rPois Dex+6}
MPRegen 0.20/turn

%: repel missiles, channel magic (20%)
@: ice-armoured, freezing walls
A: no striking features
a: Renounce Religion, Draw Escape, Draw Destruction, Draw Summoning, Triple
Draw, Deal Four


You were on level 3 of the Lair of Beasts.
You worshipped Nemelex Xobeh.
Nemelex Xobeh was greatly pleased with you.
You visited 2 branches of the dungeon, and saw 13 of its levels.

You collected 751 gold pieces.
You spent 560 gold pieces at shops.

Inventory:

Hand Weapons
 f - a +0 whip
 h - a +0 rapier
 p - a +1 sling of freezing (weapon)
 t - a +0 short sword
 F - a +0 shortbow
 K - a +4 hand axe of freezing
 L - a +4 dagger
Missiles
 o - 26 poisoned darts
 H - 3 atropa-tipped darts
 R - a throwing net
 W - 4 javelins
Armour
 a - a +1 robe
 i - a +2 pair of gloves of stealth (worn)
 l - a +2 leather armour of fire resistance
 m - a +2 helmet (worn)
 r - a scarf of harm
 u - a +1 pair of boots (worn)
 z - a scarf of invisibility
 I - a +0 pair of gloves
 M - +0 acid dragon scales (worn)
 Q - a +0 troll leather armour
 T - an orb of energy (worn)
 V - a scarf of repulsion (worn)
Magical Staves
 E - a staff of poison
 P - the staff of cold "Nefrix" {rPois rC+}
   (You acquired it on level 10 of the Dungeon)

   [staff of cold]

   Base accuracy: +5 Base damage: 5 Base attack delay: 1.2 This weapon's minimum
   attack delay (0.6) is reached at skill level 12.
   rC:        It protects you from cold.
   rPois:     It protects you from poison.
   It falls into the 'Staves' category.
   It is a one-handed weapon.
Jewellery
 n - the ring of Avaul (left hand) {rC++ Str+6}
   (You found it on level 2 of the Dungeon)

   [ring of strength]

   Str:       It affects your strength (+6).
   rC:        It greatly protects you from cold.
 q - a ring of positive energy
 v - a ring of willpower
 A - the ring "Diulael" (right hand) {rPois Dex+6}
   (You found it on level 5 of the Dungeon)

   [ring of dexterity]

   Dex:       It affects your dexterity (+6).
   rPois:     It protects you from poison.
Wands
 w - a wand of flame (60)
 y - a wand of charming (5)
 C - a wand of digging (6)
 J - a wand of polymorph (8)
Scrolls
 e - 3 scrolls of magic mapping
 k - 2 scrolls of amnesia
 s - 2 scrolls of teleportation
 D - 2 scrolls of blinking
 S - 4 scrolls of identify
 U - a scroll of immolation
Potions
 b - 4 potions of magic
 c - 3 potions of might
 d - 2 potions of ambrosia
 g - 2 potions of flight
 j - 6 potions of curing
 x - a potion of resistance
 B - a potion of mutation
 G - 2 potions of lignification
 N - 2 potions of brilliance
 O - a potion of haste
 X - a potion of heal wounds


   Skills:
 - Level 14.0 Ranged Weapons
 + Level 10.2 Dodging
 + Level 11.1 Stealth
 - Level 9.1 Spellcasting
 + Level 8.6 Summonings
 + Level 2.6 Translocations
 + Level 10.2 Ice Magic


You had 16 spell levels left.
You knew the following spells:

 Your Spells              Type           Power      Damage    Failure   Level
a - Freeze                Ice            100%       1d10      1%          1
b - Frozen Ramparts       Ice            100%       1d16      3%          3
c - Ozocubu's Armour      Ice            60%        N/A       3%          3
d - Summon Ice Beast      Ice/Summ       57%        N/A       7%          4
e - Blink                 Tloc           50%        N/A       13%         2

Your spell library contained the following spells:

 Spells                   Type           Power      Damage    Failure   Level
 Summon Small Mammal      Summ           100%       N/A       2%          1
 Apportation              Tloc           50%        N/A       10%         1
 Lesser Beckoning         Tloc           50%        N/A       13%         2
 Momentum Strike          Conj/Tloc      36%        3d9       19%         2
 Necrotise                Necr           44%        1d6       21%         1
 Ice Form                 Ice/Tmut       38%        N/A       24%         4
 Portal Projectile        Hex/Tloc       36%        N/A       32%         3
 Tukima's Dance           Hex            11%        N/A       45%         3
 Passage of Golubria      Tloc           25%        N/A       47%         4
 Metabolic Englaciation   Hex/Ice        19%        N/A       47%         5
 Ozocubu's Refrigeration  Ice            30%        4d14      86%         7
 Blade Hands              Tmut           5%         N/A       98%         5
 Yara's Violent Unravell  Hex/Tmut       5%         3d4       98%         5
 Chain Lightning          Conj/Air       5%         3d7       100%        9
 Fire Storm               Conj/Fire      5%         8d2       100%        9
 Shatter                  Erth           5%         3d8*      100%        9


Dungeon Overview and Level Annotations

Branches:
Dungeon (10/15)            Temple (0/1) D:5            Lair (3/5) D:10
    Orc (0/2) D:10
  Swamp: Lair:2-3    Shoals: Lair:2-3     Snake: Lair:2-3    Spider: Lair:2-3

Altars:
Dithmenos
Hepliaklqana
Nemelex Xobeh
Ru
Sif Muna

Shops:
D:1 (   D:6 :

Annotations:
D:2 1 runed translucent door, Crazy Yiuf
D:5 Eustachio
D:8 3 runed translucent doors, Nedac819's ghost, novice MeFi
Lair:2 Maggie


Message History

You have drawn Pain.
Press: ? - help, Shift-Dir - straight line, f - elephant
Aim: an elephant (severely wounded)
The bolt of negative energy hits the elephant!!
The elephant is drained!
You kill the elephant!
Unknown command.
You start resting.
The frozen ramparts melt away.
You start resting.
An elephant comes into view.
An elephant is nearby!
An elephant is nearby!
Unknown command.
Unknown command.
Unknown command.
Okay, then.
Casting: Frozen Ramparts (dangerous; 3% risk of failure)
Confirm with . or Enter, or press ? or * to list all spells.
Casting: Frozen Ramparts (dangerous; 3% risk of failure)
Press: ? - help, Dir - look around, f - activate The walls around you are covered in ice.
The wall freezes the elephant but does no damage.
The elephant misses you. The elephant trunk-slaps you.
* * * LOW HITPOINT WARNING * * *
Unknown command.
Casting: Frozen Ramparts (dangerous; 3% risk of failure)
Confirm with . or Enter, or press ? or * to list all spells.
A film of ice covers your body!
The wall freezes the elephant!
The elephant closely misses you. The elephant trunk-slaps you.
* * * LOW HITPOINT WARNING * * *
Unknown command.
You draw a card...
You have drawn Pain.
Press: ? - help, Shift-Dir - straight line, f - elephant
Aim: an elephant (lightly wounded)
The elephant convulses!
The wall freezes the elephant.
The elephant tramples you!
You die...
Your body glows with a rainbow of weird colours and disappears.

....)....................##
..........................#
...P.##.##...............##
..?#.#.###....#########..P#
..#.....##...†#### ###...#
..#......#.....#.####P....#
..#.....#...........##...##
..............###Y..##...#
..#.....#.....##@...#....#
...............##P####...#
..#...........########P..##
...#######....###.#.#.....#
...#####.Y................#
..Y.....Y.................#
....Y.....................#
.........................##
..†##...##...............#


You could see an elephant.

Vanquished Creatures
  2 hydras
  3 death yaks (D:10)
  2 two-headed ogres
  5 elephants
  2 black mambas (Lair:3)
  A gargoyle (D:10)
  An unseen horror (D:10)
  3 cane toads
  A rime drake (Lair:3)
  A kobold demonologist (D:10)
  3 trolls
  Prince Ribbit (D:9)
  A polar bear (Lair:1)
  A hornet (D:9)
  Sigmund (D:5)
  A vampire (D:9)
  A wyvern (Lair:3)
  27 yaks
  Menkaure (D:4)
  3 basilisks
  2 wargs (D:10)
  An acid dragon (D:8)
  Edmund (D:4)
  3 water moccasins
  A sky beast (D:7)
  4 orc warriors
  2 black bears
  3 ogres
  An ice beast (D:7)
  2 centaurs
  2 phantoms
  2 kobold brigands
  9 bullfrogs
  2 gnoll sergeants
  5 scorpions
  8 wights
  14 killer bees
  4 howler monkeys
  4 hounds
  A jelly (D:4)
  5 orc priests
  A sleepcap (D:6)
  Jessica (D:2)
  A gnoll bouda (D:9)
  6 orc wizards
  A mummy (D:5)
  Robin (D:4)
  3 adders
  19 gnolls
  3 river rats (D:10)
  A shadow imp (D:7)
  2 white imps
  2 worms (D:2)
  5 dart slugs
  22 orcs
  5 bats
  12 endoplasms
  5 giant cockroaches
  13 goblins
  13 hobgoblins
  4 jackals (D:3)
  17 kobolds
  5 quokkas
  6 ball pythons
  2 frilled lizards
  A hobgoblin zombie (D:5)
  2 kobold zombies (D:5)
  An orc zombie (D:5)
  2 rats (D:3)
293 creatures vanquished.

Vanquished Creatures (collateral kills)
  A hydra (Lair:3)
  A bullfrog (Lair:2)
2 creatures vanquished.

Vanquished Creatures (others)
  An adder (D:5)
1 creature vanquished.

Grand Total: 296 creatures vanquished

Notes
Turn   | Place    | Note
-------+----------+-------------------------------------------
     0 | D:1      | Zonian the Deep Elf Ice Elementalist began the quest for
                  | the Orb.
     0 | D:1      | Reached XP level 1. HP: 10/10 MP: 6/6
   157 | D:1      | Reached XP level 2. HP: 15/15 MP: 2/8
   723 | D:1      | Found Xotruhyhepp's Antique Weapon Shoppe.
   939 | D:2      | Reached XP level 3. HP: 14/19 MP: 6/10
  1006 | D:2      | Identified the ring of Avaul {rC++ Str+6}
  1043 | D:2      | Learned a level 3 spell: Frozen Ramparts
  1047 | D:2      | Learned a level 3 spell: Ozocubu's Armour
  1072 | D:2      | Found a runed translucent door.
  1073 | D:2      | Noticed Crazy Yiuf
  1439 | D:2      | You fall into a shaft and drop 2 floors!
  1920 | D:3      | Reached skill level 5 in Ice Magic
  1921 | D:3      | Reached XP level 4. HP: 24/24 MP: 8/12
  2435 | D:3      | Found a faded altar of an unknown god.
  2546 | D:2      | Noticed Jessica
  2648 | D:2      | Identified the +4 chain mail of Xaluabik {Str+4}
  2715 | D:2      | Killed Jessica
  3372 | D:3      | Reached skill level 5 in Spellcasting
  3453 | D:3      | Reached XP level 5. HP: 28/28 MP: 14/14
  5088 | D:4      | Found a shimmering blue altar of Sif Muna.
  5090 | D:4      | Found a sparkling altar of Nemelex Xobeh.
  5123 | D:4      | Noticed Edmund
  5203 | D:3      | Reached XP level 6. HP: 18/32 MP: 14/17
  5908 | D:4      | Noticed Menkaure
  5966 | D:4      | Became a worshipper of Nemelex Xobeh the Trickster
  6000 | D:4      | Noticed Robin
  6396 | D:4      | Killed Robin
  6551 | D:4      | Killed Edmund
  6887 | D:4      | Killed Menkaure
  6888 | D:4      | Reached XP level 7. HP: 12/36 MP: 17/20
  7180 | D:5      | Entered Level 5 of the Dungeon
  7187 | D:5      | Identified the ring "Diulael" {rPois Dex+6}
  7349 | D:5      | Found a shadowy altar of Dithmenos.
  7377 | D:5      | Noticed Eustachio
  7875 | D:5      | Noticed Sigmund
  8826 | D:5      | Killed Sigmund
  8827 | D:5      | Reached XP level 8. HP: 24/41 MP: 18/23
  9519 | D:5      | Found a staircase to the Ecumenical Temple.
  9955 | D:6      | Reached skill level 2 in Ranged Weapons
 10145 | D:6      | Reached skill level 3 in Ranged Weapons
 10384 | D:6      | Reached * piety under Nemelex Xobeh
 10493 | D:6      | Reached skill level 4 in Ranged Weapons
 10494 | D:6      | Received a gift from Nemelex Xobeh
 10522 | D:6      | Found Dooruvav's Book Shop.
 10762 | D:6      | Reached skill level 5 in Ranged Weapons
 10853 | D:6      | Found a sacrificial altar of Ru.
 11046 | D:7      | Reached skill level 6 in Ranged Weapons
 11077 | D:7      | Reached skill level 7 in Ranged Weapons
 11352 | D:7      | Reached skill level 8 in Ranged Weapons
 11352 | D:7      | Reached XP level 9. HP: 37/45 MP: 24/24
 11457 | D:7      | Reached skill level 9 in Ranged Weapons
 12008 | D:7      | Reached skill level 10 in Ranged Weapons
 12303 | D:7      | Reached ** piety under Nemelex Xobeh
 12388 | D:7      | Reached skill level 11 in Ranged Weapons
 12545 | D:8      | Found a runed translucent gate.
 12545 | D:8      | Found a runed translucent gate.
 12545 | D:8      | Found a runed translucent gate.
 12877 | D:8      | Noticed Nedac819's ghost (novice MeFi)
 12879 | D:8      | Noticed a two-headed ogre
 13364 | D:8      | Reached skill level 12 in Ranged Weapons
 14037 | D:9      | Reached skill level 13 in Ranged Weapons
 14037 | D:9      | Noticed a troll
 14045 | D:9      | Killed a troll
 14046 | D:9      | Reached XP level 10. HP: 50/50 MP: 20/25
 14157 | D:9      | Noticed a two-headed ogre
 14165 | D:9      | Killed a two-headed ogre
 14166 | D:9      | Reached skill level 14 in Ranged Weapons
 14196 | D:9      | Learned a level 4 spell: Summon Ice Beast
 14200 | D:9      | Found a hazy altar of Hepliaklqana.
 14530 | D:9      | Reached skill level 1 in Summonings
 14600 | D:9      | Received a gift from Nemelex Xobeh
 14892 | D:9      | Reached skill level 5 in Stealth
 15066 | D:9      | Noticed Prince Ribbit
 15076 | D:9      | Killed Prince Ribbit
 15077 | D:9      | Reached skill level 5 in Dodging
 15125 | D:10     | Entered Level 10 of the Dungeon
 15203 | D:10     | Identified a scroll of acquirement
 15203 | D:10     | Acquired the staff of cold "Nefrix" {rPois rC+}
 15382 | D:10     | Noticed a death yak
 15389 | D:10     | Noticed a gargoyle
 15397 | D:10     | Reached *** piety under Nemelex Xobeh
 15462 | D:10     | Noticed a death yak
 15465 | D:10     | Noticed a death yak
 15613 | D:10     | Reached XP level 11. HP: 27/54 MP: 19/26
 15669 | D:10     | Reached skill level 5 in Summonings
 15943 | D:10     | Found a staircase to the Orcish Mines.
 15953 | D:10     | Found a staircase to the Lair.
 15980 | D:10     | Received a gift from Nemelex Xobeh
 16021 | D:10     | Killed a death yak
 16073 | D:10     | Noticed a two-headed ogre
 16082 | D:10     | Killed a two-headed ogre
 16184 | D:10     | Killed a death yak
 16187 | D:10     | Killed a death yak
 16858 | Lair:1   | Entered Level 1 of the Lair of Beasts
 18191 | Lair:2   | Received a gift from Nemelex Xobeh
 18202 | Lair:2   | Reached skill level 10 in Stealth
 18974 | Lair:2   | Noticed Maggie
 18990 | Lair:2   | Noticed a five-headed hydra
 19163 | Lair:2   | Reached XP level 12. HP: 59/59 MP: 24/27
 19319 | Lair:2   | Reached **** piety under Nemelex Xobeh
 19379 | Lair:2   | Received a gift from Nemelex Xobeh
 19556 | Lair:2   | Killed a five-headed hydra
 19990 | D:6      | Bought the Quarto of the Glacier for 308 gold pieces
 19990 | D:6      | Bought a book of Spatial Translocations for 252 gold pieces
 19993 | D:6      | Learned a level 2 spell: Blink
 20594 | Lair:3   | Reached skill level 1 in Translocations
 21033 | Lair:3   | Noticed a five-headed hydra
 21041 | Lair:3   | Killed a five-headed hydra
 21042 | Lair:3   | Reached skill level 10 in Dodging
 21042 | Lair:3   | Reached skill level 10 in Ice Magic
 21121 | Lair:3   | Received a gift from Nemelex Xobeh
 21181 | Lair:3   | Noticed a five-headed hydra
 21195 | Lair:3   | Killed a five-headed hydra
 21263 | Lair:3   | Slain by an elephant

Illustrated notes

Levels and vault maps discovered:
D:1:      tarquinn_simple_flora_water_b, layout_basic, serial_shops,
          nicolae_shop_back_alley_shop, grunt_decor_mini_mirrors
D:2:      layout_loops_ring, uniq_jessica, uniq_crazy_yiuf_cottage
D:3:      minmay_thinvault, layout_basic, dreamdust_ecumenical_altar_grove,
          dk_noncrumbling_4
D:4:      layout_cave_pools, mainiacjoe_overflow_big_doors, uniq_edmund,
          uniq_menkaure, uniq_robin
D:5:      layout_loops_corners, kennysheep_little_box,
          minmay_temple_entry_fiery, amethyst_killhole, minmay_mini_ossuary,
          uniq_sigmund, uniq_eustachio
D:6:      layout_basic, kennysheep_mini, serial_shops, kennysheep_mini_moat
D:7:      layout_cave_pods
D:8:      layout_rooms, gammafunk_ghost_split, serial_glass, glass_columns_c,
          glass_columns_a, glass_columns_b, glass_columns_b, glass_columns_a,
          glass_columns_b, minmay_strange_pillars, item_on_display_a,
          item_on_display_a, feat_on_display
D:9:      layout_basic, nicolae_overflow_hidden_temple, serial_aquarium,
          aquarium_bridge_straight [aquarium_subvault_bridge,
          aquarium_subvault_wall, aquarium_subvault_bridge,
          aquarium_subvault_window], aquarium_window_corridor_3,
          aquarium_window_1, aquarium_view_2e, uniq_prince_ribbit1
D:10:     layout_loops_cross, dpeg_lair_monsters, david_orc_3, serial_rivers,
          chequers_serial_rivers_micro_a, chequers_serial_rivers_room_a,
          chequers_serial_rivers_small_b, chequers_serial_rivers_micro_e
Lair:1:   layout_loops_ring, st_stairs_11, columned_hall_lemuel
Lair:2:   layout_hall_layers, lemuel_fruit_tree, uniq_maggie
Lair:3:   layout_regular_city, swamp_mist, spider_nest_entry_funnel_web,
          gauntlet_entry_generic

Skill      XL: |  1  2  3  4  5  6  7  8  9 10 11 12 |
---------------+-------------------------------------+-----
Stealth        | 3 7 10 11 | 11.1
Spellcasting   | 4 5 6 7 9 |  9.1
Ice Magic      | 5 6 7 8 9 10 | 10.2
Ranged Weapons | 8 13 14 | 14.0
Dodging        | 6 9 10 | 10.2
Summonings     | 4 7 8 |  8.6
Translocations | 2 |  2.6

Action                     |  1- 3 |  4- 6 |  7- 9 | 10-12 || total
---------------------------+-------+-------+-------+-------++-------
  Melee: Unarmed           |     1 |       |       |       ||     1
         Whip              |     3 |    36 |     1 |       ||    40
         Punch             |       |     3 |       |       ||     3
         Rapier            |       |    27 |    10 |       ||    37
         Dagger            |       |       |       |     2 ||     2
         Hand axe          |       |       |       |     2 ||     2
   Fire: Sling             |    32 |   176 |   322 |   514 ||  1044
  Throw: Dart              |       |    14 |     2 |       ||    16
   Cast: Freeze            |    41 |    18 |     2 |       ||    61
         Frozen Ramparts   |     1 |    10 |    30 |    44 ||    85
         Ozocubu's Armour  |       |     2 |    12 |    14 ||    28
         Summon Ice Beast  |       |       |       |     9 ||     9
 Invoke: Draw Destruction  |       |       |     1 |    14 ||    15
         Draw Escape       |       |       |       |     1 ||     1
  Evoke: Wand              |       |     3 |     7 |       ||    10
    Use: Scroll            |     5 |     7 |    12 |     8 ||    32
         Potion            |       |     2 |     7 |       ||     9
 Armour: Robe              |     4 |    52 |    22 |       ||    78
         Leather armour    |       |       |    54 |       ||    54
         Acid dragon scale |       |       |       |    69 ||    69
  Dodge: Dodged            |    36 |    95 |   106 |   178 ||   415
         Repelled          |       |       |       |     1 ||     1
